 Dungeon Crawl Stone Soup version 0.31-a0-210-gccc998df9b (webtiles) character file.

Game seed: 16544194470285598027

124 qw the Chopper (level 5, -1/32 HPs)
             Began as a Gargoyle Fighter on June 29, 2023.
             Slain by a gnoll
             ... wielding a +0 halberd
              (13 damage)
             ... on level 3 of the Dungeon.
             The game lasted 00:00:53 (1588 turns).

qw the Chopper (Gargoyle Fighter)                   Turns: 1588, Time: 00:00:54

Health: -1/32      AC: 10    Str: 22    XL:     5   Next: 8%
Magic:  5/5        EV:  9    Int:  8    God:
Gold:   124        SH:  4    Dex:  9    Spells: 4/4 levels left

rFire   . . .        Y - +0 war axe
rCold   . . .        c - +0 buckler
rNeg    + . .        b - +0 scale mail
rPois   inf          (no helmet)
rElec   +            (no cloak)
rCorr   .            (no gloves)
SInv    .            (no boots)
Will    .....        (no amulet) Stlth
                     (no ring)
HPRegen 0.25/turn    (no ring)
MPRegen 0.09/turn

%: no passive effects
@: no status effects
A: sickness immunity, AC +4, negative energy resistance 1, electricity
resistance, torment resistance 1, petrification resistance
a: no special abilities


You were on level 3 of the Dungeon.
You visited 1 branch of the dungeon, and saw 3 of its levels.

You collected 124 gold pieces.


Innate Abilities, Weirdness & Mutations

You are immune to sickness and miasma.
Your stone body is resilient. (AC +4)
You are immune to poison.
You resist negative energy. (rN+)
You are resistant to electric shocks. (rElec)
You are resistant to unholy torment.
You are immune to petrification.


   Skills:
 - Level 3.2 Fighting
 + Level 4.6 Axes
 - Level 3.2 Armour
 - Level 3.2 Shields


You had 4 spell levels left.
You didn't know any spells.
Your spell library was empty.

Inventory:

Hand Weapons
 h - a +0 club
 Y - a +0 war axe (weapon)
Armour
 b - a +0 scale mail (worn)
 c - a +0 buckler (worn)
 j - a +0 chain mail
Scrolls
 a - 2 scrolls of identify
Potions
 d - 2 potions of might
 e - a potion of lignification {unknown}
 f - a potion of mutation
 g - a potion of ambrosia {unknown}
 i - 2 potions of cancellation
 l - 2 potions of haste
 m - a potion of curing {unknown}
 n - a potion of brilliance {unknown}

Dungeon Overview and Level Annotations

Branches:
Dungeon (3/15)

Altars:


Message History

Enter note:
There is a stone staircase leading down here.
A rat and a gnoll come into view.
The gnoll shouts!
You hear a shout!
A gnoll comes into view. It is wielding a +0 club.
The gnoll moves out of view.
Enter note:
Enter note:
Enter note:
Enter note:
1580 ||| Stepping ~*~*~tactically~*~*~ (stealth).
A rat and a gnoll come into view.
The gnoll shouts!
1582 ||| Stepping ~*~*~tactically~*~*~ (hiding).
1583 ||| Stepping ~*~*~tactically~*~*~ (hiding).
Enter note:
Enter note:
Enter note:
Enter note: The gnoll hits you from afar with a +0 halberd!
The gnoll shouts!
The gnoll closely misses you. The gnoll barely misses you. The rat misses you.
Enter note:
Enter note:
Enter note:
Enter note:
Enter note:
Enter note: You slash the gnoll!
The gnoll is almost dead.
You barely miss the rat. The rat bites you but does no damage.
The gnoll hits you with a +0 halberd. The gnoll misses you.
The gnoll hits you from afar with a +0 halberd!
The rat barely misses you. The gnoll hits you with a +0 halberd.
You slash the gnoll!
You kill the gnoll!
You closely miss the rat.
The gnoll hits you from afar with a +0 halberd!
You die...

#.....## ##..........##......
.##...#..###...........########
........................#
..........#.#.#.#########
#..#...####.#.#.# #..#####
#...#.# ## ##..#.# ##.#.# #.#@#
###r)g....# #..g....# ##......#
......# ......# ......# ......#


You could see 2 gnolls and a rat.

Vanquished Creatures
  A hound (D:3)
  Ijyb (D:3)
  2 adders (D:2)
  A gnoll (D:3)
  2 worms
  4 dart slugs
  An endoplasm (D:1)
  4 giant cockroaches
  4 goblins (D:1)
  3 hobgoblins
  4 jackals (D:2)
  3 kobolds (D:2)
  2 quokkas (D:2)
  2 bats
  2 frilled lizards (D:2)
  2 rats (D:1)
38 creatures vanquished.

Notes
Turn   | Place    | Note
-------+----------+-------------------------------------------
     0 | D:1      | qw the Gargoyle Fighter began the quest for the Orb.
     0 | D:1      | Reached XP level 1. HP: 14/14 MP: 1/1
     0 | D:1      | 0 ||| qw: Version: 0.3-a-24-ga2abf7b
     0 | D:1      | 0 ||| qw: Game counter: 6862
     0 | D:1      | 0 ||| qw: Melee chars always use a shield: true
     0 | D:1      | 0 ||| qw: God list: Okawaru
     0 | D:1      | 0 ||| qw: Allow faded altars: false
     0 | D:1      | 0 ||| qw: Do Orc after clearing Dungeon:15 true
     0 | D:1      | 0 ||| qw: Do second Lair branch before Depths: true
     0 | D:1      | 0 ||| qw: Lair rune preference: random
     0 | D:1      | 0 ||| qw: Goals: Normal, Zot:1-4, Slime:5, God:TSO, Crypt,
                  | Tomb, Abyss, Pan, Hells, Win
     0 | D:1      | 0 ||| PLANNING D:1-11
    28 | D:1      | Reached skill level 2 in Axes
    96 | D:1      | 96 ||| Stepping ~*~*~tactically~*~*~ (stealth).
   183 | D:1      | Reached XP level 2. HP: 19/19 MP: 2/2
   662 | D:1      | 662 ||| DROPPING ring of flight.
   663 | D:1      | 663 ||| READING 3 scrolls labelled RUASOI TIVIKAD.
   664 | D:1      | 664 ||| READING scroll labelled UNAIN BEAP.
   665 | D:1      | 665 ||| READING scroll labelled ATUVOU OBUN.
   666 | D:1      | 666 ||| READING scroll labelled FOZIM JOTE.
   671 | D:1      | 671 ||| READING 2 scrolls of identify.
   671 | D:1      | 671 ||| IDENTIFYING coppery potion
   701 | D:2      | 701 ||| Stepping ~*~*~tactically~*~*~ (stealth).
   716 | D:2      | Reached skill level 3 in Axes
   770 | D:2      | Reached XP level 3. HP: 23/23 MP: 3/3
  1055 | D:2      | Reached XP level 4. HP: 28/28 MP: 4/4
  1278 | D:2      | 1278 ||| READING scroll labelled ECOM ECUSI.
  1279 | D:2      | 1279 ||| READING scroll labelled XEOMASUYGE.
  1280 | D:2      | 1280 ||| DRINKING 2 fuming puce potions.
  1281 | D:2      | 1281 ||| DRINKING 3 glowing dark potions.
  1358 | D:3      | Reached skill level 4 in Axes
  1397 | D:3      | 1397 ||| Stepping ~*~*~tactically~*~*~ (stealth).
  1452 | D:3      | Noticed Ijyb
  1453 | D:3      | 1453 ||| Stepping ~*~*~tactically~*~*~ (hiding).
  1464 | D:3      | Killed Ijyb
  1465 | D:3      | Reached XP level 5. HP: 22/32 MP: 5/5
  1580 | D:3      | 1580 ||| Stepping ~*~*~tactically~*~*~ (stealth).
  1582 | D:3      | 1582 ||| Stepping ~*~*~tactically~*~*~ (hiding).
  1583 | D:3      | 1583 ||| Stepping ~*~*~tactically~*~*~ (hiding).
  1588 | D:3      | Slain by a gnoll

Levels and vault maps discovered:
D:1:      amcnicky_arrival_flooded_fountain, layout_loops_ring
D:2:      layout_rooms
D:3:      layout_rooms, nzn_hepliaklqana_mist_gate, uniq_ijyb

Skill      XL: |  1  2  3  4 |
---------------+-------------+-----
Axes           | 2 3 4 |  4.6
Fighting       | |  3.2
Armour         | |  3.2
Shields        | |  3.2

Action                     |  1- 3 |  4- 6 || total
---------------------------+-------+-------++-------
  Melee: War axe           |    89 |    54 ||   143
    Use: Scroll            |     5 |     2 ||     7
         Potion            |       |     2 ||     2
 Armour: Scale mail        |    45 |    31 ||    76
  Dodge: Dodged            |    27 |    32 ||    59
  Block: Buckler           |    25 |    12 ||    37

Table legend:
 A = Non-vault XP
 B = Vault XP
 C = Vault XP percentage of total XP
 D = Non-vault monster count
 E = Vault monster count
 F = Vault count percentage of total count
                 A         B        C        D         E       F
            +---------+---------+-------+---------+---------+-------
      Total |     157 |      35 |  18.2 |      37 |       1 |   2.6
            +---------+---------+-------+---------+---------+-------
        D:1 |      21 |       0 |   0.0 |      10 |       0 |   0.0
        D:2 |      71 |       0 |   0.0 |      22 |       0 |   0.0
        D:3 |      65 |      35 |  35.0 |       5 |       1 |  16.7
            +---------+---------+-------+---------+---------+-------
